 Dungeon Crawl Stone Soup version bcrawl-1.27.8b (webtiles) character file.

Game seed: 9670713125755215508

143438 LostNumber the Sneak (level 3, 0/21 HPs)
             Began as a Vine Stalker Archaeologist on Nov 7, 2020.
             Slain by Sigmund
             ... wielding a +1 scythe of venom
              (5 damage)
             ... on level 2 of the Dungeon.
             The game lasted 00:02:24 (929 turns).

LostNumber the Sneak (Vine Stalker Archaeologist)    Turns: 929, Time: 00:02:24

Health: 0/21       AC:  6    Str: 14    XL:     3   Next: 70%
Magic:  4/4        EV: 13    Int: 14    God:
Gold:   52         SH:  0    Dex: 12    Spells: 2/2 levels left

rFire    . . .     SeeInvis .   i - +0 dagger
rCold    . . .     Gourm    .   (no shield)
rNeg     . . .     Faith    .   b - +1 robe
rPois    .         Spirit   .   c - +1 hat
rElec    .         Reflect  .   (no cloak)
rCorr    .         Harm     .   (no gloves)
MR       .....                  d - +1 pair of boots
Stlth    +++.......             (no amulet)
HPRegen  0.47/turn              (no ring)
MPRegen  0.09/turn              (no ring)

@: lethally poisoned (0 -> -10)
A: fangs 2, regeneration 1, no potion heal 3, rot immunity, strong jaws
a: no special abilities


You were on level 2 of the Dungeon.
You were not hungry.

You visited 1 branch of the dungeon, and saw 2 of its levels.

You collected 52 gold pieces.

Inventory:

Hand Weapons
 a - a +0 whip
 i - a +0 dagger (weapon)
   (You took it off a kobold on level 1 of the Dungeon)
Missiles
 n - a throwing net {=f!f}
Armour
 b - a +1 robe (worn)
 c - a +1 hat (worn)
 d - a +1 pair of boots (worn)
Scrolls
 g - a scroll of magic mapping
 h - a scroll of enchant weapon {unknown}
 k - 2 scrolls of identify {@r1}
 l - a scroll of enchant armour {unknown}
 o - a scroll of noise {unknown}
 p - a scroll of fog {unknown}
Potions
 m - a potion of agility {unknown}
Miscellaneous
 f - a dusty tome
Comestibles
 e - 2 rations {!d!d}
 j - 2 chunks of flesh


   Skills:
 + Level 1.6 Fighting
 * Level 1.3 Short Blades
 - Level 0.8 Maces & Flails
 + Level 3.4 Dodging
 + Level 5.0 Stealth


You had 2 spell levels left.
You didn't know any spells.
Your spell library was empty.

Dungeon Overview and Level Annotations

Branches:
Dungeon (2/12)

Altars:

Annotations:
D:2 Sigmund


Innate Abilities, Weirdness & Mutations

You have extremely sharp teeth.
Your natural rate of healing is unusually fast.
Potions cannot restore your health.
You are immune to rotting.
Your bites deal extra damage.


Message History

Unknown command.
Eating one of 3 chunks of flesh.
You eat one of the 3 chunks of flesh.
You feel sick.
You feel sick.
Sigmund the Dreaded comes into view.
He is wielding a +1 scythe of venom.
You have encountered a dangerous foe!
You feel sick.
You start resting.
You feel sick. x3
You are no longer poisoned.
You start resting.
The helpless Sigmund fails to defend himself.
You puncture Sigmund! Sigmund barely misses you.
You hit Sigmund. You hit Sigmund but do no damage.
You bite Sigmund, but do no damage. Sigmund closely misses you.
You closely miss Sigmund. Sigmund closely misses you.
You barely miss Sigmund. You hit Sigmund.
Sigmund hits you with a +1 scythe of venom.
You are poisoned.
You barely miss Sigmund.
You feel sick.
You closely miss Sigmund.
You feel sick.
Sigmund gestures wildly while chanting.
Sigmund flickers and vanishes!
Deactivating autopickup; reactivate with Ctrl-A.
No target in view!
No target in view!
Unknown command.
You barely miss something.
You feel sick.
You hear some strange, mumbled words.
A puff of flame appears from out of thin air!
The puff of flame misses you.
You hit something but do no damage. You bite something.
You feel sick. Something hits you.
* * * LOW HITPOINT WARNING * * *
You closely miss something. Something hits you.
* * * LOW HITPOINT WARNING * * *
You are more poisoned.
You hit something.
You feel sick.
Unknown command.
You hit something.
You feel sick. Something hits you but does no damage.
You are lethally poisoned!
You hit something. Your bite misses something.
* * * LOW HITPOINT WARNING * * *
You feel sick. Something hits you.
You die...

#### #####.#.
#.....#. #.###.#.
#.# #.#.##
#.###.#..#+###
#..<#.##{....#
########.#.@....#
.......#.#......#
#.....#.#......#
#.....#.##.....#
+#.....#........#
..........#.....#
...##.....+.#.###
#.....#.#.# ##
#######.#.#


There were no monsters in sight!

Vanquished Creatures
  An adder (D:2)
  An ooze (D:2)
  A dart slug (D:1)
  2 leopard geckos (D:1)
  An orc (D:2)
  2 bats (D:1)
  4 goblins (D:1)
  4 hobgoblins (D:1)
  4 jackals (D:1)
  A frilled lizard (D:1)
  5 kobolds (D:1)
  A rat (D:1)
27 creatures vanquished.

Vanquished Creatures (others)
  5 toadstools (D:1)
5 creatures vanquished.

Grand Total: 32 creatures vanquished

Notes
Turn   | Place    | Note
-------+----------+-------------------------------------------
     0 | D:1      | LostNumber the Vine Stalker Archaeologist began the quest
                  | for the Orb.
     0 | D:1      | Reached XP level 1. HP: 11/11 MP: 2/2
    36 | D:1      | Reached skill level 1 in Fighting
    53 | D:1      | Reached XP level 2. HP: 16/16 MP: 3/3
   330 | D:1      | Reached XP level 3. HP: 20/20 MP: 4/4
   477 | D:1      | Reached skill level 1 in Short Blades
   725 | D:2      | Reached skill level 5 in Stealth
   896 | D:2      | Noticed Sigmund
   929 | D:2      | Slain by Sigmund

Skill      XL: |  1  2  3 |
---------------+----------+-----
Fighting       | 1 |  1.6
Short Blades   | 1 |  1.3
Stealth        | 5 |  5.0
Maces & Flails | |  0.8
Dodging        | |  3.4

Action                   || total
-------------------------++-------
Melee: Whip              ||    31
       Bite              ||    17
       Dagger            ||   129
 Stab: Sleeping          ||     3
  Eat: Chunk             ||     4
Armor: Robe              ||    45
Dodge: Dodged            ||    87
